 Dungeon Crawl Stone Soup version 0.28-a0-429-g1448048969 (webtiles) character file.

Game seed: 5459498384765983178

11843 Shayle the Martial Artist (level 12, -7/104 HPs)
             Began as a Djinni Warper on Sept 12, 2021.
             Was a Priest of Makhleb.
             Mangled by a blink frog (12 damage)
             ... on level 1 of the Lair of Beasts.
             The game lasted 00:43:31 (16803 turns).

Shayle the Martial Artist (Djinni Warper)          Turns: 16803, Time: 00:43:35

Health: -7/104     AC: 16    Str:  7 (10) XL:     12   Next: 12%
Gold:   482        EV: 12    Int: 17 (19) God:    Makhleb [***...] SH:  0 Dex: 12 (14)

rFire   . . .      SeeInvis .     - Unarmed
rCold   + + +      Faith    .   (shield currently unavailable)
rNeg    . . .      Spirit   .   (armour currently unavailable)
rPois   ∞          Reflect  .   (helmet currently unavailable)
rElec   +          Harm     .   (cloak currently unavailable)
rCorr   +          Rampage  .   (gloves currently unavailable)
Will    +....                   (boots unavailable)
Stlth   +.........              w - amulet of the acrobat
HPRegen 0.27/turn               x - ring of wizardry
MPRegen 0.00/turn               (no ring)

@: ice-armoured, ice-form, resistant, attractive, flying
A: freezing attack, flying, boosted hp, sickness immunity, large, (fire
resistance 2), (cold vulnerability 1), float, innate caster, hp casting, extra
vitality 1
a: End Transformation, Renounce Religion, Minor Destruction, Lesser Servant of
Makhleb


You were on level 1 of the Lair of Beasts.
You worshipped Makhleb.
Makhleb was most pleased with you.
You were a creature of crystalline ice.
You visited 3 branches of the dungeon, and saw 10 of its levels.

You collected 482 gold pieces.

Inventory:

Hand Weapons
 c - a +2 whip of electrocution
 h - a +2 flail of pain
 l - the +7 whip "Wifuqu Saudo" (melded) {vorpal, rN+ rCorr Int+4}
   (You found it on level 5 of the Dungeon)

   It inflicts extra damage upon your enemies.
   Int:       It affects your intelligence (+4).
   rN:        It protects you from negative energy.
   rCorr:     It protects you from acid and corrosion.
Missiles
 D - 5 boomerangs (quivered)
Armour
 k - a +1 hat of stealth
 q - the +1 helmet of Anahocof (melded) {rF- Str+4 Dex+9}
   (You took it off Robin on level 3 of the Dungeon)

   Str:       It affects your strength (+4).
   Dex:       It affects your dexterity (+9).
   rF:        It makes you vulnerable to fire.
 v - the +2 pair of gloves of Honesty (melded) {Rampage rC+}
   (You found it on level 4 of the Dungeon)

   rC:        It protects you from cold.
   Rampage:   It bestows one free step when moving towards enemies.
 y - a +2 leather armour of cold resistance (melded)
 z - a +2 cloak (melded)
 C - a +0 troll leather armour
 G - a +0 buckler (melded)
Jewellery
 a - a +6 ring of intelligence
 n - a ring of positive energy
 w - an amulet of the acrobat (around neck)
 x - a ring of wizardry (left front paw)
 A - a ring of resist corrosion
 F - a ring of fire
 J - an amulet of reflection
Wands
 B - a wand of polymorph (9)
 E - a wand of digging (6)
 H - a wand of charming (6)
Scrolls
 d - 2 scrolls of noise
 e - a scroll of immolation
 j - 4 scrolls of magic mapping
 m - a scroll of amnesia
 s - 3 scrolls of teleportation
 u - a scroll of fog
 I - a scroll of identify {unknown}
Potions
 f - a potion of magic
 g - a potion of degeneration
 i - 4 potions of cancellation
 o - a potion of attraction
 r - a potion of flight
 t - 2 potions of lignification
Miscellaneous
 K - a phantom mirror (inert)


   Skills:
 + Level 8.2 Fighting
 - Level 0.7 Throwing
 - Level 1.0 Armour
 + Level 8.0 Dodging
 - Level 4.0 Shields
 + Level 10.8 Unarmed Combat
 + Level 6.5 Spellcasting
 + Level 6.2 Invocations


You couldn't memorise any spells.
You knew the following spells:

 Your Spells              Type           Power      Damage    Failure   Level
a - Blink                 Tloc           N/A        N/A       1%          2
b - Lesser Beckoning      Tloc           27%        N/A       1%          3
c - Gell's Gravitas       Tloc           13%        N/A       1%          3
d - Teleport Other        Tloc           27%        N/A       1%          3
e - Manifold Assault      Tloc           27%        N/A       9%          5
f - Sting                 Tmut/Pois      100%       1d8       1%          1
g - Call Imp              Summ           27%        N/A       1%          2
h - Ozocubu's Armour      Ice            27%        N/A       1%          3
i - Dazzling Flash        Conj/Hex       54%        N/A       1%          3
j - Ice Form              Ice/Tmut       27%        N/A       3%          4
Your spell library was empty.

Dungeon Overview and Level Annotations

Branches:
Dungeon (8/15)             Temple (1/1) D:5            Lair (1/6) D:8

Altars:
Ashenzari
Cheibriados
Dithmenos
Elyvilon
Gozag
Makhleb
Nemelex Xobeh
Okawaru
Sif Muna
Uskayaw
Wu Jian
Xom
Yredelemnul
Zin
Lugonu

Shops:
D:6 *

Portals:
Abyss: D:4 D:5

Annotations:
D:4 2 transporters, RandomusNamus's ghost, amateur GrFi
D:6 3 runed translucent doors, yellowboar's ghost, novice DEAE
Lair:1 3 runed translucent doors, CraigForest's ghost, novice DsBe


Innate Abilities, Weirdness & Mutations

You are a creature of crystalline ice.
You have a powerful freezing melee attack.
You are flying.
Your maximum health is increased.
Your armour is entirely melded.
You are incapable of wielding weapons or throwing items.
You are immune to sickness and miasma.
You are immune to poison.
((Your flesh is very heat resistant. (rF++)))
((You are vulnerable to cold. (rC-)))
You float through the air rather than walking.
You learn spells naturally, not from books.
Your magical power is your life essence.
You have superior vitality. (+4 HP)


Message History

You closely miss the blink frog. The blink frog hits you!
Casting: Ice Form (mildly dangerous; 2% risk of failure)
Confirm with . or Enter, or press ? or * to list all spells.
A beastly little devil appears in a puff of frigid air.
The blink frog blinks!
The blink frog closely misses you.
The blink frog blinks!
The blink frog hits you.
Casting: Call Imp (safe; 1% risk of failure)
Confirm with . or Enter, or press ? or * to list all spells.
Your icy body feels more resilient.
The blink frog hits you!
The blink frog blinks!
The blink frog hits you.
It was a potion of attraction.
You feel attractive to monsters. The blink frog hits you.
The blink frog blinks!
The blink frog hits you!
* * * LOW HITPOINT WARNING * * *
The blink frog blinks!
The blink frog hits you but does no damage.
The blink frog is attracted toward you. x2
Okay, then.
It was a potion of flight.
You feel more buoyant. The blink frog hits your white imp!
Your white imp dies!
Your white imp disappears in a puff of smoke!
The blink frog barely misses you. The blink frog hits you!
* * * LOW HITPOINT WARNING * * *
The blink frog blinks!
The blink frog is attracted toward you.
You feel protected. The blink frog hits you!
* * * LOW HITPOINT WARNING * * *
The blink frog blinks! x2
The blink frog hits you but does no damage.
Unknown command.
Okay, then.
It was a potion of degeneration.
There was something very wrong with that liquid.
You feel weakened.
You feel dopey.
You feel clumsy. The blink frog completely misses you.
The blink frog hits you but does no damage.
The blink frog hits you!
You die...

# .... #... ##### ##...
#..#####YF.### ###.....
#.......FF§..#####... #..
.......#...#...##..# #..
......##≈.≈##......# ##..
#.####.≈.≈.≈.......###..#
# #..≈.≈..#.........P.
##.≈._.≈.............
#...≈.≈..............
#..≈._.≈...........[.


You could see 3 blink frogs.

Vanquished Creatures
  Gastronok (Lair:1)
  A hydra (Lair:1)
  A boulder beetle (Lair:1)
  4 cane toads (Lair:1)
  A komodo dragon (Lair:1)
  2 trolls (D:7)
  Grinder (D:5)
  A blink frog (Lair:1)
  A wyvern (D:8)
  3 yaks (Lair:1)
  A basilisk (Lair:1)
  Grum (D:8)
  2 vampire mosquitoes (D:4)
  Menkaure (D:5)
  An acid dragon (D:8)
  4 water moccasins
  2 ice beasts
  2 black bears
  A hornet zombie (D:7)
  An ogre (D:5)
  12 wolves (D:8)
  A centaur (D:6)
  3 bullfrogs
  2 wyvern zombies (D:8)
  A scorpion (D:5)
  30 killer bees
  2 electric eels (D:8)
  2 jellies (D:5)
  A howler monkey (D:6)
  A centaur zombie (D:6)
  5 orc priests
  3 hounds
  A centaur skeleton (D:7)
  6 iguanas
  4 orc wizards
  A killer bee zombie (D:5)
  Robin (D:3)
  9 gnolls
  11 adders
  A howler monkey skeleton (D:7)
  A shadow imp (D:7)
  2 white imps (D:6)
  An ufetubus (D:5)
  A worm (D:3)
  2 dart slugs
  24 orcs
  9 bats
  9 endoplasms
  A giant cockroach (D:2)
  23 goblins
  11 hobgoblins
  10 jackals
  4 quokkas
  7 ball pythons
  2 frilled lizards
  8 kobolds
  4 rats (D:1)
248 creatures vanquished.

Vanquished Creatures (collateral kills)
  A vampire mosquito (D:5)
  Edmund (D:4)
  2 killer bees (Lair:1)
  2 goblins (D:4)
6 creatures vanquished.

Vanquished Creatures (others)
  An orc wizard (D:6)
  8 fungi (Lair:1)
  26 plants (Lair:1)
35 creatures vanquished.

Grand Total: 289 creatures vanquished

Notes
Turn   | Place    | Note
-------+----------+-------------------------------------------
     0 | D:1      | Shayle the Djinni Warper began the quest for the Orb.
     0 | D:1      | Reached XP level 1. HP: 18/18 MP: 0/0
   531 | D:1      | Reached XP level 2. HP: 17/23 MP: 0/0
  1270 | D:1      | Reached XP level 3. HP: 28/28 MP: 0/0
  1270 | D:1      | Learned a level 1 spell: Sting
  1424 | D:1      | Found a faded altar of an unknown god.
  1775 | D:2      | Reached skill level 3 in Unarmed Combat
  1865 | D:1      | Reached XP level 4. HP: 16/34 MP: 0/0
  2404 | D:2      | Reached XP level 5. HP: 18/40 MP: 0/0
  2404 | D:2      | Learned a level 2 spell: Call Imp
  3011 | D:3      | Reached skill level 4 in Unarmed Combat
  3543 | D:3      | Identified the +1 helmet of Anahocof {rF- Str+4 Dex+9}
  3543 | D:3      | Noticed Robin
  3661 | D:4      | Reached XP level 6. HP: 23/46 MP: 0/0
  4040 | D:4      | Noticed Edmund
  4050 | D:4      | Killed Edmund
  4351 | D:5      | Entered Level 5 of the Dungeon
  4373 | D:5      | Reached skill level 5 in Unarmed Combat
  4627 | D:5      | Noticed a vampire mosquito
  4627 | D:5      | Noticed a vampire mosquito
  4629 | D:5      | Noticed a vampire mosquito
  4647 | D:5      | HP: 1/47 [vampire mosquito (10)]
  5003 | D:5      | Noticed an ogre
  5010 | D:5      | Killed an ogre
  5011 | D:5      | Reached XP level 7. HP: 45/51 MP: 0/0
  5011 | D:5      | Learned a level 3 spell: Ozocubu's Armour
  5686 | D:3      | Killed Robin
  6243 | D:4      | Found a transporter.
  6244 | D:4      | Noticed a small abomination
  6382 | D:4      | Identified the +2 pair of gloves of Honesty {Rampage rC+}
  6461 | D:4      | Found a transporter.
  6597 | D:4      | Found a one-way gate to the infinite horrors of the Abyss.
  6597 | D:4      | Noticed RandomusNamus's ghost (amateur GrFi)
  6864 | D:4      | Killed a vampire mosquito
  6865 | D:4      | Reached skill level 6 in Unarmed Combat
  6865 | D:4      | Reached XP level 8. HP: 42/58 MP: 0/0
  7434 | D:5      | Found a staircase to the Ecumenical Temple.
  7442 | D:5      | Reached skill level 5 in Fighting
  7462 | D:5      | Reached skill level 7 in Unarmed Combat
  7488 | Temple   | Entered the Ecumenical Temple
  7787 | Temple   | Became a worshipper of Makhleb the Destroyer
  8302 | D:5      | Found a glowing silver altar of Zin.
  8302 | D:5      | Noticed an angel
  8472 | D:5      | Noticed Grinder
  8479 | D:5      | Paralysed by Grinder for 6 turns
  8503 | D:5      | Killed Grinder
  8504 | D:5      | Reached skill level 1 in Invocations
  8504 | D:5      | Reached XP level 9. HP: 36/65 MP: 0/0
  8504 | D:5      | Learned a level 3 spell: Dazzling Flash
  8522 | D:5      | Identified the +7 whip "Wifuqu Saudo" {vorpal, rN+ rCorr
                  | Int+4}
  8691 | D:5      | Noticed Menkaure
  8700 | D:5      | Killed Menkaure
  8890 | D:5      | Found a corrupted altar of Lugonu.
  8960 | D:6      | Noticed a troll
  8980 | D:6      | Found a runed translucent gate.
  8980 | D:6      | Found a runed translucent gate.
  9087 | D:6      | Found a runed translucent gate.
  9087 | D:6      | Found an opulent altar of Gozag.
  9097 | D:6      | Noticed yellowboar's ghost (novice DEAE)
 10109 | D:7      | Reached skill level 8 in Unarmed Combat
 10493 | D:7      | Killed a troll
 10720 | D:6      | Reached skill level 5 in Dodging
 10779 | D:6      | Reached skill level 5 in Spellcasting
 10940 | D:6      | Reached * piety under Makhleb
 11106 | D:6      | Reached XP level 10. HP: 72/72 MP: 0/0
 11231 | D:6      | Found Nies's Lightly-Used Armoury.
 11746 | D:8      | Found a staircase to the Lair.
 12209 | D:7      | Reached skill level 1 in Shields
 12380 | D:8      | Reached skill level 9 in Unarmed Combat
 12560 | D:8      | Noticed Grum
 12640 | D:8      | Killed Grum
 13684 | Lair:1   | Entered Level 1 of the Lair of Beasts
 13876 | Lair:1   | Reached ** piety under Makhleb
 14075 | Lair:1   | Noticed a cane toad
 14078 | Lair:1   | Noticed a cane toad
 14096 | Lair:1   | Killed a cane toad
 14097 | Lair:1   | Reached XP level 11. HP: 36/79 MP: 0/0
 14097 | Lair:1   | Learned a level 4 spell: Ice Form
 14473 | Lair:1   | Reached skill level 10 in Unarmed Combat
 14784 | Lair:1   | Noticed Gastronok
 14869 | D:8      | Reached skill level 5 in Invocations
 15198 | Lair:1   | Killed Gastronok
 15269 | Lair:1   | Found a runed translucent gate.
 15276 | Lair:1   | Found a runed translucent gate.
 15281 | Lair:1   | Found a runed translucent gate.
 15282 | Lair:1   | Noticed CraigForest's ghost (novice DsBe)
 15290 | Lair:1   | Noticed a four-headed hydra
 15299 | Lair:1   | Killed a four-headed hydra
 15309 | Lair:1   | Noticed a spectral death yak
 15738 | Lair:1   | Reached *** piety under Makhleb
 15907 | Lair:1   | Reached XP level 12. HP: 45/86 MP: 0/0
 16156 | Lair:1   | Found a hide-covered altar of Uskayaw.
 16156 | Lair:1   | Found an ornate altar of the Wu Jian Council.
 16156 | Lair:1   | Noticed a boulder beetle
 16494 | Lair:1   | Killed a boulder beetle
 16802 | Lair:1   | HP: 5/104 [blink frog (7)]
 16803 | Lair:1   | Mangled by a blink frog

Illustrated notes

Levels and vault maps discovered:
D:1:      dpeg_arrival_rooms_c, layout_rooms,
          hellmonk_ecumenical_altar_crossroads, minmay_tromino_v2
D:2:      layout_rooms, grunt_ministairs_2, minmay_between
D:3:      layout_loops_ring, uniq_robin
D:4:      layout_cave_pods, gammafunk_ghost_abyssal_escape,
          kennysheep_generic_room_10, uniq_edmund
D:5:      layout_loops_corners, zin_angel, minmay_temple_entry_ruins,
          amcnicky_altar_lugonu_corruption, uniq_grinder, uniq_menkaure
D:6:      layout_basic, ebering_ghost_gozag, minmay_shop_damaged
D:7:      layout_loops_corners, minmay_misc_feat_rows
D:8:      layout_loops_ring, erik_lair_island, solitary_fountain, uniq_grum
Temple:   roderic_octagonal_lattice_temple
Lair:1:   wad_woods_minihive, layout_layer_cave, gammafunk_ghost_necromancy,
          nzn_masters_of_martial_movement, serial_bayou_shore_a, uniq_gastronok

Skill      XL: |  1  2  3  4  5  6  7  8  9 10 11 12 |
---------------+-------------------------------------+-----
Unarmed Combat | 3 4 5 6 7 8 9 10 | 10.8
Fighting       | 3 4 5 6 7 8 |  8.2
Spellcasting   | 3 4 5 6 |  6.5
Dodging        | 4 5 6 7 8 |  8.0
Invocations    | 1 3 4 6 |  6.2
Shields        | 2 4 |  4.0
Throwing       | |  0.7
Armour         | |  1.0

Action                   |  1- 3 |  4- 6 |  7- 9 | 10-12 || total
-------------------------+-------+-------+-------+-------++-------
Melee: Unarmed           |    77 |       |       |   130 ||   207
       Whip              |    49 |   181 |   305 |   243 ||   778
       Punch             |     1 |     3 |    15 |       ||    19
Throw: Boomerang         |     5 |       |       |       ||     5
 Cast: Sting             |       |    22 |    16 |     8 ||    46
       Call Imp          |       |     7 |     9 |    14 ||    30
       Blink             |       |     2 |     3 |     1 ||     6
       Ozocubu's Armour  |       |       |     2 |    10 ||    12
       Dazzling Flash    |       |       |     1 |     3 ||     4
       Teleport Other    |       |       |       |     1 ||     1
       Ice Form          |       |       |       |    12 ||    12
       Manifold Assault  |       |       |       |     2 ||     2
Evoke: Wand              |       |       |     3 |    10 ||    13
       Phantom mirror    |       |       |       |     1 ||     1
  Use: Potion            |       |     6 |     1 |     6 ||    13
       Scroll            |       |     3 |     8 |     5 ||    16
 Stab: Sleeping          |     1 |     1 |     1 |       ||     3
       Distracted        |       |     1 |     3 |       ||     4
       Invisible         |       |       |     3 |     5 ||     8
Armor: Leather armour    |    41 |    53 |   134 |    93 ||   321
       Skin              |       |    22 |       |    41 ||    63
Dodge: Dodged            |    83 |   115 |   266 |   343 ||   807
Block: Buckler           |       |       |       |    79 ||    79

Table legend: (Time is in decaauts)
 A = Elapsed time spent in this place.
 B = Non-inter-level travel time spent in this place.
 C = Inter-level travel time spent in this place.
 D = Time resting spent in this place.
 E = Time spent auto-exploring this place.
 F = Levels seen in this place.
 G = Mean time per level.
                   A        B        C        D        E       F      G
               +--------+--------+--------+--------+--------+-----+--------+
         Total |  16886 |  16431 |    455 |   6392 |   7077 |  10 | 1688.6 |
       Dungeon |  13819 |  13389 |    430 |   4733 |   6301 |   8 | 1727.4 |
        Temple |    332 |    308 |     24 |      0 |    285 |   1 |  332.0 |
          Lair |   2734 |   2734 |      0 |   1659 |    491 |   1 | 2734.0 |
               +--------+--------+--------+--------+--------+-----+--------+

Top non-repeatable levels by time:
  Lair:1: 2734 daAuts
     D:5: 2577 daAuts
     D:4: 1990 daAuts
     D:1: 1948 daAuts
     D:8: 1926 daAuts
     D:7: 1900 daAuts
     D:6: 1313 daAuts
     D:3: 1142 daAuts
     D:2: 1019 daAuts
  Temple: 332 daAuts
